Map: Ulrena

Players

nick - Winner!

  • Race: Zerg Zerg
  • League: Bronze

Miltreta

  • Race: Terran Terran
  • League: Bronze

VOD

Have the link to the VOD?

Description

Time

  • Played on: March 17, 2016, 9:19 p.m.
  • Length: 10:18
Show
View Real Time Build Order
Export as new Build Order

nick Zerg - Winner!

Build Orders: Pool First 

Get SALT Encoding   

  12  0:07  Overlord  
  12  0:12  Drone  
  13  0:18  Drone  
  14  0:26  Drone  
  15  0:30  Drone  
  16  0:41  Drone  
  17  0:48  Spawning Pool  
  16  1:01  Drone, Extractor  
  17  1:04  Drone  
  17  1:13  Drone  
  18  1:33  Overlord  
  18  1:35  Queen  
  20  1:41  Drone, Extractor  
  20  1:47  Drone  
  21  2:09  Hatchery  
  21  2:15  Drone x2  
  21  2:20  Lair  
  22  2:24  Drone  
  23  2:34  Drone  
  24  2:40  Metabolic Boost  
  24  2:50  Drone x4  
  28  3:22  Hydralisk Den  
  28  3:25  Drone x5  
  32  3:31  Queen  
  32  3:34  Drone x2  
  36  3:44  Overlord  
  36  3:51  Muscular Augments  
  36  3:54  Overlord x2  
  36  4:06  Drone x2  
  38  4:12  Extractor  
  37  4:19  Hydralisk x4  
  37  4:20  Hydralisk  
  47  4:24  Hydralisk  
  49  4:42  Hydralisk x3  
  49  4:45  Hydralisk  
  53  5:03  Hydralisk x2  
  53  5:04  Hydralisk  
  59  5:12  Extractor  
  59  5:14  Drone x2  
  60  5:15  Overlord x3  
  60  5:26  Lurker Den  
  60  5:47  Drone x5  
  60  5:48  Drone  
  66  5:51  Hydralisk x3  
  66  5:52  Hydralisk  
  66  5:54  Hydralisk  
  76  6:07  Spore Crawler  
  76  6:09  Spore Crawler  
  74  6:13  Spore Crawler  
  73  6:20  Hydralisk x2  
  73  6:24  Overseer  
  77  6:27  Hydralisk x2  
  77  6:29  Hydralisk  
  83  6:35  Overlord  
  83  6:52  Hydralisk  
  83  6:53  Hydralisk x3  
  91  7:00  Overseer  
  91  7:01  Overseer x2  
  57  7:54  Hydralisk Den  
  57  7:56  Hydralisk x3  
  57  7:57  Hydralisk x3  
  64  8:02  Zergling x2  
  64  8:03  Zergling x10  
  68  8:28  Hydralisk x2  
  54  9:07  Queen  
  52  9:13  Hydralisk x5  
  52  9:14  Hydralisk  
Show
View Real Time Build Order
Export as new Build Order

Miltreta Terran 

Build Orders: MMM Bio 

Get SALT Encoding   

  12  0:00  SCV  
  13  0:14  Supply Depot  
  13  0:18  SCV  
  14  0:27  Refinery  
  14  0:40  Barracks  
  14  0:45  SCV  
  15  1:07  SCV  
  16  1:20  SCV  
  17  1:32  SCV  
  18  1:34  Refinery  
  19  1:51  SCV  
  20  2:02  Supply Depot  
  20  2:05  Marine  
  20  2:09  Factory  
  20  2:16  SCV  
  21  2:22  Marine  
  22  2:39  Engineering Bay  
  22  2:40  SCV  
  23  2:50  Barracks Reactor  
  23  2:53  Hellion  
  25  2:59  Orbital Command  
  25  3:09  Starport  
  25  3:13  Barracks  
  25  3:14  Hellion  
  27  3:36  Terran Infantry Weapons Level 1  
  27  3:50  Barracks Tech Lab  
  27  3:56  Hellion x2  
  31  4:03  Barracks Reactor  
  31  4:10  Supply Depot  
  31  4:11  Supply Depot, Stimpack  
  31  4:32  Medivac  
  31  4:33  Marine  
  34  4:51  Marine  
  29  4:58  Marine x2  
  29  5:01  Hellion  
  29  5:03  Widow Mine  
  33  5:12  Starport Reactor  
  33  5:16  Factory  
  33  5:17  Marauder  
  35  5:25  Marine x2  
  37  5:31  Terran Infantry Armor Level 1  
  37  5:43  Marine  
  38  5:53  Medivac  
  38  5:54  Marine x2  
  42  5:57  Hellion x2  
  42  6:00  Factory Tech Lab  
  46  6:11  Combat Shields  
  46  6:15  Barracks  
  46  6:24  Medivac  
  48  6:30  Siege Tank  
  51  6:33  Supply Depot  
  51  6:34  Supply Depot  
  34  7:53  Marine  
  34  7:54  Marine x2  
  34  7:56  Medivac x2  
  41  8:06  Widow Mine  
  41  8:09  Marine  
  41  8:11  Marine  
  33  9:02  Marine  
  31  9:03  Marine x2  
  34  9:20  Marine  
  34  9:21  Marauder, Widow Mine  
  39  9:25  Barracks Tech Lab  
  32  9:43  Marauder  
  25  9:57  Marine  
  25  9:58  Marine  
Tags
 
Composition
MMM Bio
Matchup
TvZ
Opening
Pool First
Add a new tag
Caveats
  • Supply blocks, unpowered buildings, or Contaminate may cause inaccurate times.
  • Supply counts are checked every 10 seconds.